 Dungeon Crawl Stone Soup version 0.19-a0-1065-gdac414d (webtiles) character file.

5219 4thArraOfDagon the Grappler (level 10, -9/81 HPs)
             Began as a Troll Air Elementalist on Aug 3, 2016.
             Was a Follower of Ashenzari.
             Mangled by a skeletal warrior
             ... wielding a +0 short sword
             ... led by a death knight
              (23 damage)
             ... on level 11 of the Dungeon.
             The game lasted 00:23:46 (4206 turns).

4thArraOfDagon the Grappler (TrAE)                  Turns: 4206, Time: 00:23:47

Health: -9/81      AC:  7    Str: 22    XL:     10   Next: 35%
Magic:  10/10      EV:  5    Int: 14    God:    Ashenzari [*.....]
Gold:   479        SH:  0    Dex: 10    Spells: 4 memorised, 3 levels left

rFire  . . .     SeeInvis .       - Unarmed
rCold  . . .     Gourm    +     s - +1 robe {rN+}
rNeg   + . .     Faith    .     (no shield)
rPois  .         Spirit   .     (helmet restricted)
rElec  .         Dismiss  .     l - +0 cloak
rCorr  .         Reflect  .     (gloves unavailable)
SustAt .         Harm     .     (boots unavailable)
MR     .....                    x - amulet of regeneration
Stlth  ..........               C - +4 ring of strength
                                o - ring of loudness (curse)

@:
A: unfitting armour, claws 3, fast metabolism 3, gourmand, regeneration 2,
shaggy fur 1, tough skin 2
a: Curse Item, Scrying, Renounce Religion


You were on level 11 of the Dungeon.
You worshipped Ashenzari.
Ashenzari was aware of your devotion.
You were not hungry.

You visited 2 branches of the dungeon, and saw 12 of its levels.
You also visited: Ossuary and Bailey.

You collected 479 gold pieces.

Inventory:

Hand Weapons
 n - a +0 giant spiked club
Missiles
 F - 4 tomahawks of returning (quivered)
Armour
 a - a +0 robe
 l - a +0 cloak (worn)
 s - a +1 robe of positive energy (worn)
Jewellery
 o - a cursed ring of loudness (left claw)
 x - an amulet of regeneration (around neck)
 C - a +4 ring of strength (right claw)
Scrolls
 d - 5 scrolls of teleportation
 f - a scroll of amnesia
 h - 6 scrolls of enchant weapon
 i - a scroll of immolation {unknown}
 p - a scroll of blinking {unknown}
 r - a scroll of noise {unknown}
 t - a scroll of fog {unknown}
 w - a scroll of vulnerability {unknown}
 D - a scroll of recharging {unknown}
 E - a scroll of torment {unknown}
 G - a scroll of enchant armour {unknown}
 H - a scroll of remove curse
 I - a scroll of magic mapping
Potions
 e - 4 potions of degeneration {unknown}
 g - a potion of haste
 j - 5 potions of curing
 k - 2 potions of berserk rage
 m - 2 potions of heal wounds {unknown}
 q - a potion of ambrosia
 u - 2 potions of flight {unknown}
 A - 2 potions of magic
 B - a potion of resistance
Books
 b - a book of Air

   Spells                             Type                      Level
   a - Shock                          Conjuration/Air              1
   b - Swiftness                      Charms/Air                   2
   c - Repel Missiles                 Charms/Air                   2
   d - Static Discharge               Conjuration/Air              3
   e - Lightning Bolt                 Conjuration/Air              5
Miscellaneous
 y - a fan of gales
Comestibles
 c - 6 bread rations
 v - 8 slices of pizza
 J - 3 chunks of flesh


   Skills:
 - Level 1.5 Dodging
 - Level 1.1 Stealth
 * Level 14.6 Unarmed Combat
 - Level 1.2 Spellcasting
 - Level 0.6 Conjurations
 - Level 2.0 Air Magic


You had 3 spell levels left.
You knew the following spells:

 Your Spells              Type           Power        Failure   Level  Hunger
a - Shock                 Conj/Air       #...         17%         1    ##.....
b - Repel Missiles        Chrm/Air       #.....       30%         2    ###....
c - Swiftness             Chrm/Air       #.......     30%         2    ###....
d - Regeneration          Chrm/Necr      #.........   83%         3    ####...


Dungeon Overview and Level Annotations

Branches:
Dungeon (11/15)            Temple (1/1) D:4            Lair (0/6) D:10
    Orc: D:9-12

Altars:
Ashenzari
Dithmenos
Gozag
Okawaru
Ru
Sif Muna
Trog
Uskayaw
Vehumet
Zin

Annotations:
D:5 Prince Ribbit


Innate Abilities, Weirdness & Mutations

You are too large for most types of armour.
You have claws for hands.
Your metabolism is lightning-fast.
You like to eat raw meat.
You heal very quickly.
You are covered in fur. (AC +1)
You have very tough skin. (AC +2)


Message History

The killer bee barely misses you.
The howler monkey hoots and howls with incredible vigour!
The skeletal warrior hits you with a short sword!!
You hear a shout! x2
A howler monkey comes into view.
There is a stone staircase leading up, spattered with blood here.
Unknown command.
Unknown command.
Okay, then.
The howler monkey howls!
The killer bee stings you but does no damage.
The killer bee closely misses you.
The killer bee stings you but does no damage.
The skeletal warrior hits you from afar with a halberd!
* * * LOW HITPOINT WARNING * * *
The killer bee stings you!
* * * LOW HITPOINT WARNING * * *
The adder bites you but does no damage.
The skeletal warrior hits you with a short sword!!
You die...

..........<....
...............
...............
.hoh...........
...............
..........y....
....yyyy.......
....yzSyy.....)
....yyz@yW.....
.....##########
.... .z. .p .


You could see 2 skeletal warriors, a phantom, an orc warrior, 2 howler monkeys,
11 killer bees and an adder.

Vanquished Creatures
  The ghost of Aquadorian the Nimble, a novice OpEn of Dithmenos (D:10)
  Pikel (D:4)
  A centaur skeleton (D:9)
  A two-headed ogre (D:9)
  A spriggan (D:8)
  A wraith (Ossuary)
  2 yaks (D:10)
  2 hippogriffs
  A hungry ghost (D:10)
  A steam dragon (D:10)
  Menkaure (D:5)
  3 sky beasts
  3 orc warriors
  4 slaves
  5 ogres
  A phantom (D:8)
  A centaur (D:5)
  A crocodile (D:10)
  4 giant frogs
  2 scorpions
  4 killer bees (D:10)
  4 crimson imps
  A jelly (D:5)
  A hound (D:8)
  4 orc wizards
  An orc priest (D:4)
  An iguana (D:10)
  4 worker ants
  A hound skeleton (D:10)
  4 mummies
  A worker ant zombie (D:5)
  5 adders
  6 gnolls
  A river rat (D:10)
  A shadow imp (D:6)
  An adder zombie (D:7)
  2 dart slugs
  3 giant geckos
  13 orcs
  7 bats
  3 giant cockroaches
  9 goblins
  9 hobgoblins
  12 jackals
  16 kobolds
  2 quokkas
  A giant newt (D:1)
  3 goblin zombies (Ossuary)
  2 hobgoblin zombies (Ossuary)
  A jackal skeleton (D:3)
  4 kobold zombies (Ossuary)
  An orc zombie (Ossuary)
  10 rats
175 creatures vanquished.

Vanquished Creatures (others)
  3 fungi (D:10)
3 creatures vanquished.

Grand Total: 178 creatures vanquished

Notes
Turn   | Place    | Note
-------+----------+-------------------------------------------
     0 | D:1      | 4thArraOfDagon the Troll Air Elementalist began the quest for the Orb.
     0 | D:1      | Reached XP level 1. HP: 16/16 MP: 1/1
     0 | D:1      | meh
     0 | D:1      | once again
   120 | D:1      | Reached skill level 1 in Unarmed Combat
   128 | D:1      | Reached XP level 2. HP: 20/24 MP: 0/2
   170 | D:1      | Reached skill level 2 in Unarmed Combat
   207 | D:1      | Reached XP level 3. HP: 23/31 MP: 1/3
   466 | D:1      | Reached skill level 3 in Unarmed Combat
   633 | D:2      | Reached XP level 4. HP: 39/39 MP: 4/4
   753 | D:3      | Reached skill level 4 in Unarmed Combat
   901 | D:5      | Entered Level 5 of the Dungeon
   930 | D:5      | Learned a level 2 spell: Repel Missiles
   933 | D:5      | Learned a level 2 spell: Swiftness
   946 | D:5      | Found a sacrificial altar of Ru.
   954 | D:5      | Became a worshipper of Ru the Awakened
   978 | D:6      | Noticed an orc warrior
  1023 | D:5      | Reached XP level 5. HP: 45/45 MP: 5/5
  1051 | D:5      | Noticed a centaur
  1065 | D:5      | Reached skill level 5 in Unarmed Combat
  1113 | D:5      | Killed a centaur
  1146 | D:5      | Noticed Menkaure
  1177 | D:5      | Killed Menkaure
  1177 | D:5      | Reached skill level 6 in Unarmed Combat
  1177 | D:5      | Reached XP level 6. HP: 53/53 MP: 6/6
  1199 | D:5      | Noticed Prince Ribbit
  1317 | D:4      | Reached skill level 7 in Unarmed Combat
  1388 | D:4      | Reached XP level 7. HP: 37/59 MP: 7/7
  1506 | D:5      | Noticed Pikel
  1630 | D:4      | Found a staircase to the Ecumenical Temple.
  1639 | Temple   | Entered the Ecumenical Temple
  1689 | Temple   | Fell from the grace of Ru
  1689 | Temple   | Became a worshipper of Ashenzari the Shackled
  1948 | D:5      | Reached skill level 8 in Unarmed Combat
  2115 | D:4      | Killed Pikel
  2115 | D:4      | Reached skill level 9 in Unarmed Combat
  2115 | D:4      | Reached XP level 8. HP: 19/67 MP: 8/8
  2295 | D:6      | Reached skill level 10 in Unarmed Combat
  2339 | D:6      | Gained mutation: You possess an exceptional clarity of mind. [mutagenic meat]
  2342 | D:6      | Gained mutation: Your muscles are strong. (Str +2) [mutagenic meat]
  2345 | D:6      | Gained mutation: Your magical capacity is low. (-10% MP) [mutagenic meat]
  2348 | D:6      | Gained mutation: Scrolls take you a little longer to read. [mutagenic meat]
  2608 | D:8      | Reached skill level 11 in Unarmed Combat
  2636 | D:8      | Found a sand-covered staircase.
  2644 | Ossuary  | Entered an ossuary
  2780 | Ossuary  | Reached XP level 9. HP: 58/74 MP: 8/8
  2991 | D:8      | Found a flagged portal.
  3000 | Bailey   | Entered a bailey
  3030 | Bailey   | Noticed an orc warlord
  3175 | Bailey   | Found a runed gate.
  3175 | Bailey   | Found a runed gate.
  3175 | Bailey   | Found a runed gate.
  3309 | Bailey   | Lost mutation: Your magical capacity is low. (-10% MP) [potion of mutation]
  3309 | Bailey   | Gained mutation: Your magical capacity is low. (-10% MP) [potion of mutation]
  3310 | Bailey   | Gained mutation: Your spells are a little easier to cast, but a little less powerful. [potion of mutation]
  3310 | Bailey   | Lost mutation: Your muscles are strong. (Str +2) [potion of mutation]
  3397 | Bailey   | Gained mutation: You evolve. [potion of beneficial mutation]
  3398 | Bailey   | Lost mutation: You evolve. [potion of cure mutation]
  3398 | Bailey   | Lost mutation: Scrolls take you a little longer to read. [potion of cure mutation]
  3398 | Bailey   | Lost mutation: Your magical capacity is low. (-10% MP) [potion of cure mutation]
  3398 | Bailey   | Lost mutation: Your spells are a little easier to cast, but a little less powerful. [potion of cure mutation]
  3398 | Bailey   | Lost mutation: You possess an exceptional clarity of mind. [potion of cure mutation]
  3446 | D:9      | Reached skill level 12 in Unarmed Combat
  3542 | D:9      | Reached skill level 13 in Unarmed Combat
  3568 | D:10     | Entered Level 10 of the Dungeon
  3596 | D:10     | Found a staircase to the Lair.
  3659 | D:10     | Learned a level 3 spell: Regeneration
  3775 | D:10     | Reached * piety under Ashenzari
  3792 | D:10     | Reached XP level 10. HP: 42/81 MP: 10/10
  3929 | D:10     | Reached skill level 14 in Unarmed Combat
  4014 | D:10     | Noticed Aquadorian's ghost (novice OpEn)
  4047 | D:11     | Noticed a death knight
  4047 | D:11     | Noticed a skeletal warrior
  4125 | D:10     | Killed Aquadorian's ghost
  4129 | D:10     | 4thArraOfDagon: brb
  4171 | D:11     | Noticed a hill giant
  4205 | D:11     | Noticed a skeletal warrior
  4206 | D:11     | Mangled by a skeletal warrior

Vault maps used:
D:1:      noname_arrival_rooms_in_the_neighbourhood
D:2:      led_sif_pool
D:3:      makhleb_heckhound_becter
D:4:      kennysheep_minor_cross
D:5:      lemuel_crystal_altar, gammafunk_temple_overflow_elements, first_bread,
          uniq_menkaure, uniq_prince_ribbit1, uniq_pikel
D:6:      tso_metal_star
D:7:      serial_bayou_crossing
D:8:      lemuel_doored_altar, serial_shops, shop, enter_bailey_3,
          nicolae_ossuary_entry_giza, grunt_pizzeria, grunt_decor_resistance,
          nicolae_gozag_cash_rules_everything_around_me
D:9:      corner_web_ring
D:10:     wad_river_or_something, due_lair_maze_entry_diamond,
          grunt_pakellas_salt
D:11:     minmay_orc_entry_guard_dogs, serial_shops, shop
Temple:   minmay_crystal_spiral_temple
Ossuary:  ossuary_kennysheep_city_of_the_dead
Bailey:   bailey_axe_bossmonster_kennysheep, bailey

Skill      XL: |  1  2  3  4  5  6  7  8  9 10 |
---------------+-------------------------------+-----
Unarmed Combat | 1 2 3 4 6 7 9 11 13 14 | 14.6
Dodging        | |  1.5
Stealth        | |  1.1
Spellcasting   | |  1.2
Conjurations   | |  0.6
Air Magic      | |  2.0

Action                   |  1- 3 |  4- 6 |  7- 9 | 10-12 || total
-------------------------+-------+-------+-------+-------++-------
Melee: Unarmed           |    88 |    97 |   359 |    67 ||   611
       Punch             |       |     1 |    13 |     1 ||    15
Throw: Tomahawk          |       |       |    18 |       ||    18
 Cast: Shock             |     2 |       |       |       ||     2
       Repel Missiles    |       |     2 |       |       ||     2
  Use: Scroll            |       |     6 |     6 |       ||    12
       Potion            |       |       |     6 |     3 ||     9
 Stab: Sleeping          |     1 |     2 |       |       ||     3
  Eat: Chunk             |    10 |     7 |    23 |     5 ||    45
       Fruit             |       |       |     3 |       ||     3
Armor: Robe              |    33 |    28 |   106 |    26 ||   193
       Skin              |       |       |    19 |    14 ||    33
Dodge: Dodged            |    56 |    26 |   170 |    27 ||   279
       Deflected         |       |     1 |     2 |       ||     3
